Spitfire vs High Goats
Created - 17 novembre 2013 at 19:27
Goals
|
| Spitfire |
2 |
2 |
2 |
6 |
| High Goats |
0 |
2 |
2 |
4 |
|
Shots
|
| Spitfire |
12 |
8 |
14 |
34 |
| High Goats |
4 |
16 |
16 |
36 |
|
1st period
1. Spitfire , Shean Donovan 3 (Mathieu Roy, Tim Kennedy) at 6:30 (PP)
2. Spitfire , Erik Condra 10 (Danny Syvret, Denis Shvidki) at 16:19
Penalties :
Pavel Brendl (Buc) for Interference (Minor) at 5:38, Joshua Bailey (Buc) for Hooking (Minor) at 14:12, Jesse Winchester (Buc) for Tripping (Minor) at 16:36
2nd period
3. Spitfire , Shean Donovan 4 (Tim Kennedy) at 1:36
4. Spitfire , Denis Shvidki 8 (Kevin Klein) at 5:05
5. High Goats , Jiri Tlusty 2 (Chris Stewart, Matt Irwin) at 8:08 (PP)
6. High Goats , Brandon Bollig 1 (Anton Stralman, Pavel Brendl) at 8:20
Penalties :
Mathieu Roy (Val) for Charging (Minor) at 7:21, Tim Kennedy (Val) for Holding Stick (Minor) at 8:35, Andrew Campbell (Val) for Holding (Minor) at 11:44
3rd period
7. Spitfire , Marc-Antoine Pouliot 6 (Tim Kennedy) at 2:52 (PP)
8. Spitfire , Erik Condra 11 (Patrice Cormier) at 7:26
9. High Goats , Jesse Winchester 7 (Anton Stralman) at 10:17
10. High Goats , Anton Stralman 2 (Matt Irwin, Jiri Tlusty) at 15:17 (PP)
Penalties :
Jesse Winchester (Buc) for Boarding (Minor) at 0:22, Marc-Antoine Pouliot (Val) for Hooking (Minor) at 0:22, Thomas Hickey (Buc) for Hooking (Minor) at 2:50, Thomas Hickey (Buc) for Hooking (Minor) at 4:25, Andrew Campbell (Val) for Roughing (Minor) at 4:25, Arturs Kulda (Buc) for Fighting (Major) at 7:35, Denis Shvidki (Val) for Fighting (Major) at 7:35, Andrew Campbell (Val) for Tripping (Minor) at 11:16, Keaton Ellerby (Val) for Holding (Minor) at 15:13, Radek Smolenak (Val) for Interference (Minor) at 19:42
Goalie Stats
Todd Ford (Val), 32 saves from 36 shots - (0,889), W, 5-2-3, 60:00 minutes
Keith Kinkaid (Buc), 13 saves from 17 shots - (0,765), 25:05 minutes
Thomas McCollum (Buc), 15 saves from 17 shots - (0,882), L, 0-4-1, 34:55 minutes
Players Stats for Spitfire
Player Name G A P +/- PIM S H SB GA TA FO MP PP MP PK MP
------------------------------------------------------------------------------------
Andrew Campbell 0 0 0 1 6 0 0 0 0 0 0/0 11:27 0:00 0:36
Brad Staubitz 0 0 0 -1 0 1 0 0 0 0 0/0 8:47 0:00 0:00
Danny Syvret 0 1 1 1 0 0 0 2 0 0 0/0 9:50 0:18 0:00
Denis Shvidki 1 1 2 1 5 3 2 0 2 0 1/1 18:23 1:55 3:37
Eric Mestery 0 0 0 0 0 0 0 0 0 0 0/0 0:00 0:00 0:00
Erik Condra 2 0 2 2 0 4 1 0 0 1 1/1 11:04 0:00 0:00
Josh Brittain 0 0 0 0 0 0 0 0 0 0 0/0 0:00 0:00 0:00
Keaton Ellerby 0 0 0 2 2 1 2 1 1 0 0/0 18:55 1:55 3:11
Kevin Klein 0 1 1 0 0 3 1 5 2 2 0/0 26:03 2:39 3:54
MacGregor Sharp 0 0 0 0 0 1 1 0 0 1 0/1 8:50 0:00 1:09
Marc-Antoine Pouliot 1 0 1 0 2 7 0 1 0 2 13/27 20:29 2:57 1:41
Mathieu Roy 0 1 1 0 2 6 1 1 0 0 0/0 25:26 2:39 3:18
Matt Delahey 0 0 0 -1 0 0 0 0 0 0 0/0 5:11 0:00 0:00
Matt Walker 0 0 0 2 0 2 0 1 0 0 0/0 18:56 1:55 3:11
Michael Stone 0 0 0 -1 0 0 1 0 0 0 0/0 5:29 0:18 0:00
Patrice Cormier 0 1 1 2 0 1 0 0 0 0 4/4 11:23 0:00 1:21
Patrick Davis 0 0 0 0 0 0 0 0 0 0 0/0 0:00 0:00 0:00
Paul Bissonnette 0 0 0 0 0 0 3 0 0 1 0/0 13:22 1:55 0:00
Radek Smolenak 0 0 0 2 2 0 0 0 0 1 0/0 9:22 0:00 0:00
Raymond Sawada 0 0 0 0 0 0 0 0 0 0 0/0 0:00 0:00 0:00
Rick Schofield 0 0 0 0 0 0 0 1 1 0 3/5 13:22 1:55 0:00
Shean Donovan 2 0 2 0 0 3 4 0 0 0 5/13 23:36 2:57 4:18
Tim Kennedy 0 3 3 0 2 1 3 0 1 0 2/3 20:03 2:57 0:55
Tony Lucia 0 0 0 0 0 1 1 0 0 0 0/0 8:50 0:00 1:09
Players Stats for High Goats
Player Name G A P +/- PIM S H SB GA TA FO MP PP MP PK MP
------------------------------------------------------------------------------------
Andreas Engqvist 0 0 0 0 0 0 1 0 0 0 0/0 7:26 0:00 0:00
Anton Stralman 1 2 3 1 0 8 3 1 0 2 0/0 28:55 4:17 3:21
Arturs Kulda 0 0 0 -2 5 0 0 0 0 0 0/0 10:09 0:00 1:31
Brandon Bollig 1 0 1 0 0 2 1 0 0 1 2/4 13:06 0:06 0:00
Chris Stewart 0 1 1 0 0 3 0 1 2 0 0/1 23:29 4:00 3:15
Dana Tyrell 0 0 0 -1 0 3 3 1 0 0 1/4 12:20 0:00 1:24
Drayson Bowman 0 0 0 -2 0 0 3 0 2 0 1/2 15:13 3:05 0:54
Gord Baldwin 0 0 0 0 0 0 1 1 0 0 0/0 11:49 0:00 0:00
Jason Ryznar 0 0 0 0 0 0 0 0 0 0 0/0 7:58 0:00 0:06
Jesse Winchester 1 0 1 0 4 6 3 1 0 1 12/21 19:52 4:00 0:23
Jiri Tlusty 1 1 2 0 0 4 3 1 1 1 3/5 19:19 4:00 1:24
Jonathan Tremblay 0 0 0 0 0 1 0 1 0 0 0/0 7:26 0:00 0:00
Joshua Bailey 0 0 0 -1 2 1 0 0 0 0 5/12 15:21 2:59 0:00
Matt Frattin 0 0 0 -1 0 3 3 0 0 0 0/1 11:32 0:00 0:00
Matt Irwin 0 2 2 1 0 3 2 2 2 1 0/0 28:30 4:17 3:21
Matt Taormina 0 0 0 -3 0 0 1 3 0 1 0/0 21:38 2:48 1:31
Pavel Brendl 0 1 1 -1 2 2 2 1 1 0 2/5 17:06 3:05 2:18
Thomas Hickey 0 0 0 -1 4 0 0 1 0 0 0/0 19:54 2:48 0:00
3 Stars
1 - Anton Stralman (Buc)
2 - Erik Condra (Val)
3 - Shean Donovan (Val)
Power Play
Spitfire - 2 on 4 Attempt(s) - 50,00%
High Goats - 2 on 6 Attempt(s) - 33,33%
Penalty Kill
Spitfire - 4 on 6 Attempt(s) - 66,67%
- Score 0 goal in Penalty Kill
High Goats - 2 on 4 Attempt(s) - 50,00%
- Score 0 goal in Penalty Kill
Official
Referees : Martell Rob and Charron Francis
Linesman : Pierre Racicot and Brad Lazarowich
Game Notes
Thomas McCollum enters game at 5:05 of 2nd period
Arturs Kulda beats up Denis Shvidki at 7:35 of 3rd period
Finance
Level 1 -- Attendance: 1533 (76,65%) -- Ticket Income 53 655 $
Level 2 -- Attendance: 754 (75,40%) -- Ticket Income 11 310 $
Total Attendance: 2287 (76,23%)
Total Ticket Income: 64 965 $
Other Income: 3 248 $
Total Income: 68 213 $
Spitfire
5 vs 5 Forward
Center Left Wing Right Wing Time % Phy DF OF
1 Marc-Antoine Pouliot Tim Kennedy Shean Donovan 40 1 2 2
2 Rick Schofield Paul Bissonnette Denis Shvidki 30 1 2 2
3 Patrice Cormier Radek Smolenak Erik Condra 20 1 2 2
4 MacGregor Sharp Tony Lucia Brad Staubitz 10 1 2 2
5 vs 5 Defense
Defense Defense Time % Phy DF OF
1 Kevin Klein Mathieu Roy 40 1 2 2
2 Matt Walker Keaton Ellerby 30 1 2 2
3 Danny Syvret Andrew Campbell 20 1 2 2
4 Michael Stone Matt Delahey 10 1 2 2
PowerPlay Forward
Center Left Wing Right Wing Time % Phy DF OF
1 Marc-Antoine Pouliot Tim Kennedy Shean Donovan 60 1 2 2
2 Rick Schofield Paul Bissonnette Denis Shvidki 40 1 2 2
PowerPlay Defense
Defense Defense Time % Phy DF OF
1 Kevin Klein Mathieu Roy 60 1 2 2
2 Matt Walker Keaton Ellerby 40 1 2 2
Penalty Kill 4 Players Forward
Center Wing Time % Phy DF OF
1 Shean Donovan Denis Shvidki 60 1 2 2
2 Tim Kennedy Marc-Antoine Pouliot 40 1 2 2
Penalty Kill 4 Players Defense
Defense Defense Time % Phy DF OF
1 Kevin Klein Mathieu Roy 60 1 2 2
2 Matt Walker Keaton Ellerby 40 1 2 2
Penalty Kill - 3 Players Forward
Forward Time % Phy DF OF
1 Shean Donovan 60 1 2 2
2 Denis Shvidki 40 1 2 2
Penalty Kill - 3 Players Defense
Defense Defense Time % Phy DF OF
1 Kevin Klein Mathieu Roy 60 1 2 2
2 Matt Walker Keaton Ellerby 40 1 2 2
4 vs 4 Forward
Center Wing Time % Phy DF OF
1 Shean Donovan Denis Shvidki 60 1 2 2
2 Tim Kennedy Marc-Antoine Pouliot 40 1 2 2
4 vs 4 Defense
Defense Defense Time % Phy DF OF
1 Kevin Klein Mathieu Roy 60 1 2 2
2 Matt Walker Keaton Ellerby 40 1 2 2
Last Minutes Offensive
Center Left Wing Right Wing Defense Defense
Marc-Antoine Pouliot Tim Kennedy Shean Donovan Kevin Klein Mathieu Roy
Last Minutes Defensive
Center Left Wing Right Wing Defense Defense
Marc-Antoine Pouliot Tim Kennedy Shean Donovan Kevin Klein Mathieu Roy
Goaltenders
Starting : Todd Ford
Backup : Yann Danis
Extra Forwards
Normal : Erik Condra, Brad Staubitz, Patrice Cormier - PP : Erik Condra, Brad Staubitz - PK : Patrice Cormier
Extra Defensemen
Normal : Danny Syvret, Andrew Campbell, Michael Stone - PP : Danny Syvret - PK : Andrew Campbell, Michael Stone
Penalty Shots
Shean Donovan, Denis Shvidki, Tim Kennedy, Marc-Antoine Pouliot, Erik Condra
High Goats
5 vs 5 Forward
Center Left Wing Right Wing Time % Phy DF OF
1 Jesse Winchester Jiri Tlusty Chris Stewart 40 1 2 2
2 Joshua Bailey Brandon Bollig Pavel Brendl 30 1 2 2
3 Dana Tyrell Drayson Bowman Matt Frattin 20 1 2 2
4 Andreas Engqvist Jason Ryznar Jonathan Tremblay 10 1 2 2
5 vs 5 Defense
Defense Defense Time % Phy DF OF
1 Anton Stralman Matt Irwin 40 1 2 2
2 Matt Taormina Thomas Hickey 30 1 2 2
3 Arturs Kulda Gord Baldwin 20 1 2 2
4 Anton Stralman Matt Irwin 10 1 2 2
PowerPlay Forward
Center Left Wing Right Wing Time % Phy DF OF
1 Jesse Winchester Jiri Tlusty Chris Stewart 60 1 2 2
2 Joshua Bailey Drayson Bowman Pavel Brendl 40 1 2 2
PowerPlay Defense
Defense Defense Time % Phy DF OF
1 Anton Stralman Matt Irwin 60 1 2 2
2 Matt Taormina Thomas Hickey 40 1 2 2
Penalty Kill 4 Players Forward
Center Wing Time % Phy DF OF
1 Pavel Brendl Chris Stewart 60 1 2 2
2 Dana Tyrell Jiri Tlusty 40 1 2 2
Penalty Kill 4 Players Defense
Defense Defense Time % Phy DF OF
1 Anton Stralman Matt Irwin 60 1 2 2
2 Matt Taormina Arturs Kulda 40 1 2 2
Penalty Kill - 3 Players Forward
Forward Time % Phy DF OF
1 Chris Stewart 60 1 2 2
2 Dana Tyrell 40 1 2 2
Penalty Kill - 3 Players Defense
Defense Defense Time % Phy DF OF
1 Anton Stralman Matt Irwin 60 1 2 2
2 Matt Taormina Arturs Kulda 40 1 2 2
4 vs 4 Forward
Center Wing Time % Phy DF OF
1 Jesse Winchester Chris Stewart 60 1 2 2
2 Joshua Bailey Jiri Tlusty 40 1 2 2
4 vs 4 Defense
Defense Defense Time % Phy DF OF
1 Anton Stralman Matt Irwin 60 1 2 2
2 Matt Taormina Gord Baldwin 40 1 2 2
Last Minutes Offensive
Center Left Wing Right Wing Defense Defense
Jesse Winchester Jiri Tlusty Chris Stewart Anton Stralman Matt Irwin
Last Minutes Defensive
Center Left Wing Right Wing Defense Defense
Jesse Winchester Jiri Tlusty Chris Stewart Anton Stralman Matt Irwin
Goaltenders
Starting : Keith Kinkaid
Backup : Thomas McCollum
Extra Forwards
Normal : Brandon Bollig, Matt Frattin, Drayson Bowman - PP : Brandon Bollig, Matt Frattin - PK : Drayson Bowman
Extra Defensemen
Normal : Arturs Kulda, Thomas Hickey, Matt Taormina - PP : Arturs Kulda - PK : Thomas Hickey, Matt Taormina
Penalty Shots
Pavel Brendl, Chris Stewart, Matt Frattin, Jiri Tlusty, Matt Irwin
% Time on Ice - Spitfire
Lines # - Real PCT - Wanted PCT - Time Play
Normal Forward
1 - 32% - 40% - 14:12
2 - 29% - 30% - 12:49
3 - 21% - 20% - 9:23
4 - 17% - 10% - 7:41
Normal Defense
1 - 39% - 40% - 17:23
2 - 27% - 30% - 11:59
3 - 22% - 20% - 9:32
4 - 12% - 10% - 5:11
PP Forward
1 - 61% - 60% - 2:57
2 - 39% - 40% - 1:55
PP Defense
1 - 61% - 60% - 2:57
2 - 39% - 40% - 1:55
PK Forward
1 - 79% - 60% - 5:37
2 - 21% - 40% - 1:28
PK Defense
1 - 55% - 60% - 3:54
2 - 45% - 40% - 3:11
PK3 Forward
1 - 0% - 60%
2 - 0% - 40%
PK3 Defense
1 - 0% - 60%
2 - 0% - 40%
44 Forward
1 - 76% - 60% - 3:01
2 - 24% - 40% - 0:57
44 Defense
1 - 53% - 60% - 2:07
2 - 47% - 40% - 1:51
Last Minute Offensive - 0:00
Last Minute Defensive - 0:00
Total
Forward - 60:00
Defense - 60:00
|
% Time on Ice - High Goats
Lines # - Real PCT - Wanted PCT - Time Play
Normal Forward
1 - 33% - 40% - 14:27
2 - 27% - 30% - 11:44
3 - 24% - 20% - 10:28
4 - 17% - 10% - 7:26
Normal Defense
1 - 40% - 40% - 17:40
2 - 36% - 30% - 15:41
3 - 22% - 20% - 9:52
4 - 2% - 10% - 0:52
PP Forward
1 - 56% - 60% - 4:00
2 - 44% - 40% - 3:05
PP Defense
1 - 60% - 60% - 4:17
2 - 40% - 40% - 2:48
PK Forward
1 - 71% - 60% - 3:28
2 - 29% - 40% - 1:24
PK Defense
1 - 69% - 60% - 3:21
2 - 31% - 40% - 1:31
PK3 Forward
1 - 0% - 60%
2 - 0% - 40%
PK3 Defense
1 - 0% - 60%
2 - 0% - 40%
44 Forward
1 - 81% - 60% - 3:13
2 - 19% - 40% - 0:45
44 Defense
1 - 59% - 60% - 2:20
2 - 41% - 40% - 1:38
Last Minute Offensive - 0:00
Last Minute Defensive - 0:00
Total
Forward - 60:00
Defense - 60:00
|
Play by Play
1st period
0:01 of 1st period - Jesse Winchester wins face-off versus Marc-Antoine Pouliot in neutral zone.
0:50 of 1st period - Slapshot by Kevin Klein.
0:50 of 1st period - Shot Blocked by Dana Tyrell.
0:52 of 1st period - Slapshot by Kevin Klein.
0:52 of 1st period - Shot Misses the Net.
1:28 of 1st period - Jesse Winchester is hit by Keaton Ellerby and loses puck.
1:35 of 1st period - Keaton Ellerby is hit by Jesse Winchester and loses puck.
1:52 of 1st period - Brandon Bollig is hit by Keaton Ellerby.
2:34 of 1st period - Wrist shot by MacGregor Sharp.
2:34 of 1st period - Shot Misses the Net.
3:01 of 1st period - Chris Stewart is hit by Michael Stone and loses puck.
3:21 of 1st period - Wrist shot by Pavel Brendl.
3:21 of 1st period - Shot Blocked by Danny Syvret.
3:23 of 1st period - Slapshot by Pavel Brendl.
3:23 of 1st period - Stopped by Todd Ford with a rebound.
3:56 of 1st period - Snap shot by Erik Condra.
3:56 of 1st period - Stopped by Keith Kinkaid with a rebound.
4:06 of 1st period - Shean Donovan is hit by Andreas Engqvist and loses puck.
4:41 of 1st period - Wrist shot by Jonathan Tremblay.
4:41 of 1st period - Shot Blocked by Rick Schofield.
4:53 of 1st period - Snap shot by Tim Kennedy.
4:53 of 1st period - Shot Blocked by Matt Taormina.
4:55 of 1st period - Slapshot by Kevin Klein.
4:55 of 1st period - Deflect By Marc-Antoine Pouliot.
4:55 of 1st period - Stopped by Keith Kinkaid with a rebound.
4:57 of 1st period - Slapshot by Mathieu Roy.
4:57 of 1st period - Stopped by Keith Kinkaid without a rebound.
4:58 of 1st period - Joshua Bailey wins face-off versus Marc-Antoine Pouliot in High Goats zone.
5:12 of 1st period - Snap shot by Mathieu Roy.
5:12 of 1st period - Stopped by Keith Kinkaid without a rebound.
5:13 of 1st period - Rick Schofield wins face-off versus Jiri Tlusty in High Goats zone.
5:38 of 1st period - Minor Penalty to Pavel Brendl for Interference.
5:39 of 1st period - Marc-Antoine Pouliot wins face-off versus Drayson Bowman in High Goats zone.
5:48 of 1st period - Slapshot by Tim Kennedy.
5:48 of 1st period - Deflect By Shean Donovan.
5:48 of 1st period - Shot Misses the Net.
5:48 of 1st period - Puck is out of play.
5:49 of 1st period - Drayson Bowman wins face-off versus Marc-Antoine Pouliot in High Goats zone.
6:24 of 1st period - Snap shot by Tim Kennedy.
6:24 of 1st period - Shot Misses the Net.
6:26 of 1st period - Slapshot by Mathieu Roy.
6:26 of 1st period - Stopped by Keith Kinkaid with a rebound.
6:28 of 1st period - Slapshot by Shean Donovan.
6:28 of 1st period - Shot Blocked by Chris Stewart.
6:30 of 1st period - Snap shot by Shean Donovan.
6:30 of 1st period - Goal by Shean Donovan - Spitfire : 1 - High Goats : 0.
6:31 of 1st period - Joshua Bailey wins face-off versus Rick Schofield in neutral zone.
7:21 of 1st period - Wrist shot by Tim Kennedy.
7:21 of 1st period - Stopped by Keith Kinkaid with a rebound.
7:37 of 1st period - Gord Baldwin is hit by Kevin Klein and loses puck.
7:46 of 1st period - Wrist shot by Jonathan Tremblay.
7:46 of 1st period - Shot Blocked by Kevin Klein.
8:06 of 1st period - Kevin Klein is hit by Jesse Winchester and loses puck.
8:17 of 1st period - Brandon Bollig is hit by Mathieu Roy and loses puck.
8:24 of 1st period - Snap shot by Erik Condra.
8:24 of 1st period - Stopped by Keith Kinkaid without a rebound.
8:25 of 1st period - Marc-Antoine Pouliot wins face-off versus Dana Tyrell in High Goats zone.
8:58 of 1st period - Wrist shot by Chris Stewart.
8:58 of 1st period - Shot Blocked by Danny Syvret.
9:00 of 1st period - Snap shot by Jiri Tlusty.
9:00 of 1st period - Stopped by Todd Ford without a rebound.
9:01 of 1st period - Pavel Brendl wins face-off versus Marc-Antoine Pouliot in Spitfire zone.
9:08 of 1st period - Slapshot by Matt Irwin.
9:08 of 1st period - Shot Blocked by Matt Walker.
9:26 of 1st period - Matt Walker is hit by Jiri Tlusty and loses puck.
9:47 of 1st period - Snap shot by Brad Staubitz.
9:47 of 1st period - Stopped by Keith Kinkaid with a rebound.
9:53 of 1st period - Tony Lucia is hit by Drayson Bowman and loses puck.
10:15 of 1st period - Slapshot by Rick Schofield.
10:15 of 1st period - Shot Misses the Net.
10:17 of 1st period - Snap shot by Denis Shvidki.
10:17 of 1st period - Stopped by Keith Kinkaid with a rebound.
10:19 of 1st period - Snap shot by Paul Bissonnette.
10:19 of 1st period - Shot Blocked by Jonathan Tremblay.
10:28 of 1st period - Off-side.
10:29 of 1st period - Marc-Antoine Pouliot wins face-off versus Joshua Bailey in neutral zone.
10:36 of 1st period - Matt Irwin is hit by Tim Kennedy and loses puck.
10:45 of 1st period - Snap shot by Anton Stralman.
10:45 of 1st period - Deflect By Mathieu Roy.
10:45 of 1st period - Stopped by Todd Ford with a rebound.
11:21 of 1st period - Rick Schofield is hit by Anton Stralman and loses puck.
11:36 of 1st period - Matt Frattin is hit by Tony Lucia.
11:46 of 1st period - Snap shot by Brad Staubitz.
11:46 of 1st period - Shot Misses the Net.
12:47 of 1st period - Backhand shot by Rick Schofield.
12:47 of 1st period - Shot Blocked by Gord Baldwin.
13:05 of 1st period - Snap shot by Shean Donovan.
13:05 of 1st period - Shot Misses the Net.
13:29 of 1st period - Snap shot by Jonathan Tremblay.
13:29 of 1st period - Shot Misses the Net.
14:03 of 1st period - Wrist shot by Denis Shvidki.
14:03 of 1st period - Shot Misses the Net.
14:12 of 1st period - Minor Penalty to Joshua Bailey for Hooking.
14:13 of 1st period - Marc-Antoine Pouliot wins face-off versus Chris Stewart in High Goats zone.
14:38 of 1st period - Dana Tyrell is hit by Denis Shvidki and loses puck.
15:06 of 1st period - Jiri Tlusty is hit by Shean Donovan and loses puck.
15:21 of 1st period - Denis Shvidki is hit by Anton Stralman and loses puck.
15:52 of 1st period - Keaton Ellerby is hit by Dana Tyrell and loses puck.
16:12 of 1st period - Penalty to Joshua Bailey is over, Joshua Bailey is back on ice.
16:19 of 1st period - Slapshot by Erik Condra.
16:19 of 1st period - Goal by Erik Condra - Spitfire : 2 - High Goats : 0.
16:20 of 1st period - Jesse Winchester wins face-off versus Marc-Antoine Pouliot in neutral zone.
16:36 of 1st period - Minor Penalty to Jesse Winchester for Tripping.
16:37 of 1st period - Pavel Brendl wins face-off versus Marc-Antoine Pouliot in High Goats zone.
16:50 of 1st period - Slapshot by Anton Stralman.
16:50 of 1st period - Stopped by Todd Ford without a rebound.
16:51 of 1st period - Marc-Antoine Pouliot wins face-off versus Pavel Brendl in Spitfire zone.
17:16 of 1st period - Mathieu Roy is hit by Dana Tyrell and loses puck.
17:25 of 1st period - Snap shot by Denis Shvidki.
17:25 of 1st period - Stopped by Keith Kinkaid with a rebound.
17:46 of 1st period - Icing by Marc-Antoine Pouliot.
17:47 of 1st period - Denis Shvidki wins face-off versus Pavel Brendl in Spitfire zone.
18:36 of 1st period - Penalty to Jesse Winchester is over, Jesse Winchester is back on ice.
2nd period
0:01 of 2nd period - Jiri Tlusty wins face-off versus Marc-Antoine Pouliot in neutral zone.
0:08 of 2nd period - Snap shot by Jesse Winchester.
0:08 of 2nd period - Stopped by Todd Ford with a rebound.
1:26 of 2nd period - Off-side.
1:27 of 2nd period - Marc-Antoine Pouliot wins face-off versus Jesse Winchester in neutral zone.
1:30 of 2nd period - Wrist shot by Marc-Antoine Pouliot.
1:30 of 2nd period - Stopped by Keith Kinkaid with a rebound.
1:32 of 2nd period - Wrist shot by Tim Kennedy.
1:32 of 2nd period - Shot Misses the Net.
1:34 of 2nd period - Wrist shot by Marc-Antoine Pouliot.
1:34 of 2nd period - Deflect By Chris Stewart.
1:34 of 2nd period - Shot Misses the Net.
1:34 of 2nd period - Puck is out of play.
1:35 of 2nd period - Tim Kennedy wins face-off versus Jesse Winchester in High Goats zone.
1:36 of 2nd period - Backhand shot by Shean Donovan.
1:36 of 2nd period - Goal by Shean Donovan - Spitfire : 3 - High Goats : 0.
1:37 of 2nd period - Marc-Antoine Pouliot wins face-off versus Jesse Winchester in neutral zone.
1:44 of 2nd period - Wrist shot by Marc-Antoine Pouliot.
1:44 of 2nd period - Shot Blocked by Anton Stralman.
1:46 of 2nd period - Slapshot by Matt Walker.
1:46 of 2nd period - Shot Blocked by Matt Irwin.
1:48 of 2nd period - Slapshot by Matt Walker.
1:48 of 2nd period - Stopped by Keith Kinkaid without a rebound.
1:49 of 2nd period - Marc-Antoine Pouliot wins face-off versus Jesse Winchester in High Goats zone.
2:14 of 2nd period - Joshua Bailey is hit by Paul Bissonnette and loses puck.
2:59 of 2nd period - Michael Stone is hit by Matt Taormina.
3:34 of 2nd period - Marc-Antoine Pouliot is hit by Pavel Brendl and loses puck.
4:00 of 2nd period - Paul Bissonnette is hit by Matt Irwin and loses puck.
4:18 of 2nd period - Matt Walker is hit by Jiri Tlusty and loses puck.
4:25 of 2nd period - Slapshot by Jesse Winchester.
4:25 of 2nd period - Shot Misses the Net.
4:27 of 2nd period - Snap shot by Jesse Winchester.
4:27 of 2nd period - Stopped by Todd Ford without a rebound.
4:28 of 2nd period - Rick Schofield wins face-off versus Joshua Bailey in Spitfire zone.
4:37 of 2nd period - Wrist shot by Joshua Bailey.
4:37 of 2nd period - Stopped by Todd Ford with a rebound.
5:01 of 2nd period - Snap shot by Denis Shvidki.
5:01 of 2nd period - Shot Blocked by Thomas Hickey.
5:03 of 2nd period - Slapshot by Kevin Klein.
5:03 of 2nd period - Deflect By Matt Taormina.
5:03 of 2nd period - Stopped by Keith Kinkaid with a rebound.
5:05 of 2nd period - Snap shot by Denis Shvidki.
5:05 of 2nd period - Goal by Denis Shvidki - Spitfire : 4 - High Goats : 0.
5:05 of 2nd period - Thomas McCollum enters game.
5:06 of 2nd period - Shean Donovan wins face-off versus Jesse Winchester in neutral zone.
5:46 of 2nd period - Wrist shot by Pavel Brendl.
5:46 of 2nd period - Shot Misses the Net.
5:48 of 2nd period - Slapshot by Brandon Bollig.
5:48 of 2nd period - Stopped by Todd Ford with a rebound.
6:09 of 2nd period - Slapshot by Kevin Klein.
6:09 of 2nd period - Stopped by Thomas McCollum without a rebound.
6:10 of 2nd period - Jesse Winchester wins face-off versus Shean Donovan in High Goats zone.
6:21 of 2nd period - Snap shot by Marc-Antoine Pouliot.
6:21 of 2nd period - Shot Blocked by Jiri Tlusty.
6:23 of 2nd period - Slapshot by Kevin Klein.
6:23 of 2nd period - Shot Misses the Net.
6:25 of 2nd period - Slapshot by Tim Kennedy.
6:25 of 2nd period - Shot Misses the Net.
6:42 of 2nd period - Slapshot by Matt Irwin.
6:42 of 2nd period - Stopped by Todd Ford without a rebound.
6:43 of 2nd period - Marc-Antoine Pouliot wins face-off versus Joshua Bailey in Spitfire zone.
7:16 of 2nd period - Wrist shot by Rick Schofield.
7:16 of 2nd period - Shot Blocked by Jesse Winchester.
7:18 of 2nd period - Slapshot by Rick Schofield.
7:18 of 2nd period - Deflect By Jiri Tlusty.
7:18 of 2nd period - Shot Blocked by Matt Taormina.
7:18 of 2nd period - Puck is out of play.
7:19 of 2nd period - Joshua Bailey wins face-off versus Marc-Antoine Pouliot in High Goats zone.
7:21 of 2nd period - Minor Penalty to Mathieu Roy for Charging.
7:22 of 2nd period - Jesse Winchester wins face-off versus Shean Donovan in Spitfire zone.
7:27 of 2nd period - Wrist shot by Jesse Winchester.
7:27 of 2nd period - Stopped by Todd Ford with a rebound.
7:29 of 2nd period - Slapshot by Matt Irwin.
7:29 of 2nd period - Shot Blocked by Kevin Klein.
7:31 of 2nd period - Slapshot by Jesse Winchester.
7:31 of 2nd period - Deflect By Chris Stewart.
7:31 of 2nd period - Shot Misses the Net.
7:31 of 2nd period - Puck is out of play.
7:32 of 2nd period - Jesse Winchester wins face-off versus Shean Donovan in Spitfire zone.
8:06 of 2nd period - Wrist shot by Matt Irwin.
8:06 of 2nd period - Deflect By Chris Stewart.
8:06 of 2nd period - Stopped by Todd Ford with a rebound.
8:08 of 2nd period - Slapshot by Jiri Tlusty.
8:08 of 2nd period - Goal by Jiri Tlusty - Spitfire : 4 - High Goats : 1.
8:09 of 2nd period - Joshua Bailey wins face-off versus Marc-Antoine Pouliot in neutral zone.
8:14 of 2nd period - Snap shot by Pavel Brendl.
8:14 of 2nd period - Stopped by Todd Ford with a rebound.
8:16 of 2nd period - Snap shot by Pavel Brendl.
8:16 of 2nd period - Shot Blocked by Marc-Antoine Pouliot.
8:18 of 2nd period - Slapshot by Anton Stralman.
8:18 of 2nd period - Stopped by Todd Ford with a rebound.
8:20 of 2nd period - Slapshot by Brandon Bollig.
8:20 of 2nd period - Goal by Brandon Bollig - Spitfire : 4 - High Goats : 2.
8:21 of 2nd period - Marc-Antoine Pouliot wins face-off versus Jiri Tlusty in neutral zone.
8:35 of 2nd period - Minor Penalty to Tim Kennedy for Holding Stick.
8:36 of 2nd period - Shean Donovan wins face-off versus Jesse Winchester in Spitfire zone.
8:47 of 2nd period - Slapshot by Anton Stralman.
8:47 of 2nd period - Shot Blocked by Kevin Klein.
8:49 of 2nd period - Snap shot by Chris Stewart.
8:49 of 2nd period - Shot Blocked by Mathieu Roy.
9:01 of 2nd period - Joshua Bailey is hit by Denis Shvidki and loses puck.
9:10 of 2nd period - Kevin Klein is hit by Pavel Brendl and loses puck.
10:35 of 2nd period - Penalty to Tim Kennedy is over, Tim Kennedy is back on ice.
10:53 of 2nd period - Slapshot by Jason Ryznar.
10:53 of 2nd period - Shot Hit the Post.
11:09 of 2nd period - Slapshot by Mathieu Roy.
11:09 of 2nd period - Stopped by Thomas McCollum with a rebound.
11:44 of 2nd period - Minor Penalty to Andrew Campbell for Holding.
11:45 of 2nd period - Shean Donovan wins face-off versus Jesse Winchester in Spitfire zone.
12:06 of 2nd period - Slapshot by Anton Stralman.
12:06 of 2nd period - Stopped by Todd Ford without a rebound.
12:07 of 2nd period - Joshua Bailey wins face-off versus Shean Donovan in Spitfire zone.
12:31 of 2nd period - Snap shot by Matt Irwin.
12:31 of 2nd period - Stopped by Todd Ford without a rebound.
12:32 of 2nd period - Jesse Winchester wins face-off versus Tim Kennedy in Spitfire zone.
12:53 of 2nd period - Slapshot by Matt Irwin.
12:53 of 2nd period - Shot Misses the Net.
13:44 of 2nd period - Penalty to Andrew Campbell is over, Andrew Campbell is back on ice.
14:01 of 2nd period - Snap shot by Matt Irwin.
14:01 of 2nd period - Shot Blocked by Keaton Ellerby.
14:03 of 2nd period - Wrist shot by Jonathan Tremblay.
14:03 of 2nd period - Stopped by Todd Ford with a rebound.
15:45 of 2nd period - Thomas Hickey is hit by Tim Kennedy and loses puck.
16:46 of 2nd period - Jesse Winchester is hit by Paul Bissonnette and loses puck.
17:05 of 2nd period - Wrist shot by Shean Donovan.
17:05 of 2nd period - Shot Misses the Net.
17:07 of 2nd period - Slapshot by Keaton Ellerby.
17:07 of 2nd period - Deflect By Marc-Antoine Pouliot.
17:07 of 2nd period - Stopped by Thomas McCollum without a rebound.
17:08 of 2nd period - Brandon Bollig wins face-off versus Marc-Antoine Pouliot in High Goats zone.
17:57 of 2nd period - Snap shot by Chris Stewart.
17:57 of 2nd period - Stopped by Todd Ford with a rebound.
19:03 of 2nd period - Keaton Ellerby is hit by Dana Tyrell and loses puck.
19:12 of 2nd period - Snap shot by Matt Frattin.
19:12 of 2nd period - Shot Misses the Net.
19:14 of 2nd period - Wrist shot by Dana Tyrell.
19:14 of 2nd period - Stopped by Todd Ford with a rebound.
19:26 of 2nd period - Wrist shot by Denis Shvidki.
19:26 of 2nd period - Shot Misses the Net.
3rd period
0:01 of 3rd period - Jesse Winchester wins face-off versus Marc-Antoine Pouliot in neutral zone.
0:05 of 3rd period - Off-side.
0:06 of 3rd period - Jesse Winchester wins face-off versus Marc-Antoine Pouliot in neutral zone.
0:08 of 3rd period - Matt Irwin is hit by Shean Donovan and loses puck.
0:22 of 3rd period - Minor Penalty to Jesse Winchester for Boarding.
0:22 of 3rd period - Minor Penalty to Marc-Antoine Pouliot for Hooking.
0:23 of 3rd period - Brandon Bollig wins face-off versus Shean Donovan in High Goats zone.
0:34 of 3rd period - Slapshot by Anton Stralman.
0:34 of 3rd period - Stopped by Todd Ford without a rebound.
0:35 of 3rd period - Shean Donovan wins face-off versus Brandon Bollig in Spitfire zone.
1:00 of 3rd period - Kevin Klein is hit by Matt Frattin.
1:18 of 3rd period - Keaton Ellerby is hit by Matt Frattin and loses puck.
2:05 of 3rd period - Tim Kennedy is hit by Matt Irwin and loses puck.
2:22 of 3rd period - Penalty to Jesse Winchester is over, Jesse Winchester is back on ice.
2:22 of 3rd period - Penalty to Marc-Antoine Pouliot is over, Marc-Antoine Pouliot is back on ice.
2:38 of 3rd period - Slapshot by Mathieu Roy.
2:38 of 3rd period - Stopped by Thomas McCollum with a rebound.
2:40 of 3rd period - Slapshot by Mathieu Roy.
2:40 of 3rd period - Stopped by Thomas McCollum without a rebound.
2:41 of 3rd period - Patrice Cormier wins face-off versus Joshua Bailey in High Goats zone.
2:50 of 3rd period - Minor Penalty to Thomas Hickey for Hooking.
2:51 of 3rd period - Tim Kennedy wins face-off versus Pavel Brendl in High Goats zone.
2:52 of 3rd period - Wrist shot by Marc-Antoine Pouliot.
2:52 of 3rd period - Goal by Marc-Antoine Pouliot - Spitfire : 5 - High Goats : 2.
2:53 of 3rd period - Jiri Tlusty wins face-off versus Marc-Antoine Pouliot in neutral zone.
2:58 of 3rd period - Slapshot by Matt Irwin.
2:58 of 3rd period - Shot Misses the Net.
3:00 of 3rd period - Wrist shot by Jiri Tlusty.
3:00 of 3rd period - Stopped by Todd Ford with a rebound.
3:02 of 3rd period - Wrist shot by Jesse Winchester.
3:02 of 3rd period - Shot Blocked by Kevin Klein.
3:04 of 3rd period - Wrist shot by Jesse Winchester.
3:04 of 3rd period - Shot Blocked by Kevin Klein.
3:06 of 3rd period - Snap shot by Jiri Tlusty.
3:06 of 3rd period - Stopped by Todd Ford with a rebound.
3:08 of 3rd period - Wrist shot by Jesse Winchester.
3:08 of 3rd period - Stopped by Todd Ford with a rebound.
4:25 of 3rd period - Minor Penalty to Thomas Hickey for Hooking.
4:25 of 3rd period - Minor Penalty to Andrew Campbell for Roughing.
4:26 of 3rd period - Shean Donovan wins face-off versus Jesse Winchester in Spitfire zone.
5:08 of 3rd period - Slapshot by Keaton Ellerby.
5:08 of 3rd period - Shot Blocked by Matt Irwin.
5:10 of 3rd period - Slapshot by Tim Kennedy.
5:10 of 3rd period - Deflect By Marc-Antoine Pouliot.
5:10 of 3rd period - Stopped by Thomas McCollum with a rebound.
5:12 of 3rd period - Wrist shot by Marc-Antoine Pouliot.
5:12 of 3rd period - Shot Misses the Net.
5:14 of 3rd period - Slapshot by Matt Walker.
5:14 of 3rd period - Stopped by Thomas McCollum with a rebound.
5:38 of 3rd period - Slapshot by Keaton Ellerby.
5:38 of 3rd period - Stopped by Thomas McCollum with a rebound.
5:51 of 3rd period - Icing by Keaton Ellerby.
5:52 of 3rd period - Erik Condra wins face-off versus Brandon Bollig in Spitfire zone.
6:11 of 3rd period - Kevin Klein is hit by Gord Baldwin and loses puck.
6:25 of 3rd period - Penalty to Thomas Hickey is over, Thomas Hickey is back on ice.
6:25 of 3rd period - Penalty to Andrew Campbell is over, Andrew Campbell is back on ice.
6:56 of 3rd period - Slapshot by Anton Stralman.
6:56 of 3rd period - Stopped by Todd Ford with a rebound.
7:20 of 3rd period - Snap shot by Marc-Antoine Pouliot.
7:20 of 3rd period - Stopped by Thomas McCollum with a rebound.
7:22 of 3rd period - Snap shot by Marc-Antoine Pouliot.
7:22 of 3rd period - Deflect By Tim Kennedy.
7:22 of 3rd period - Shot Misses the Net.
7:22 of 3rd period - Puck is out of play.
7:23 of 3rd period - Patrice Cormier wins face-off versus Joshua Bailey in High Goats zone.
7:26 of 3rd period - Slapshot by Erik Condra.
7:26 of 3rd period - Goal by Erik Condra - Spitfire : 6 - High Goats : 2.
7:27 of 3rd period - Rick Schofield wins face-off versus Joshua Bailey in neutral zone.
7:35 of 3rd period - Arturs Kulda beats up Denis Shvidki.
7:35 of 3rd period - Penalty to Arturs Kulda for Fighting.
7:35 of 3rd period - Penalty to Denis Shvidki for Fighting.
7:36 of 3rd period - Marc-Antoine Pouliot wins face-off versus Joshua Bailey in High Goats zone.
7:49 of 3rd period - Snap shot by Marc-Antoine Pouliot.
7:49 of 3rd period - Stopped by Thomas McCollum without a rebound.
7:50 of 3rd period - Jesse Winchester wins face-off versus Marc-Antoine Pouliot in High Goats zone.
7:50 of 3rd period - Jesse Winchester is hit by Tim Kennedy.
7:58 of 3rd period - Kevin Klein is hit by Jiri Tlusty and loses puck.
8:17 of 3rd period - Snap shot by Matt Frattin.
8:17 of 3rd period - Stopped by Todd Ford with a rebound.
8:41 of 3rd period - Slapshot by Mathieu Roy.
8:41 of 3rd period - Shot Blocked by Pavel Brendl.
9:38 of 3rd period - Patrice Cormier is hit by Drayson Bowman and loses puck.
9:43 of 3rd period - Snap shot by Anton Stralman.
9:43 of 3rd period - Stopped by Todd Ford with a rebound.
9:45 of 3rd period - Wrist shot by Dana Tyrell.
9:45 of 3rd period - Stopped by Todd Ford with a rebound.
10:02 of 3rd period - Brad Staubitz is hit by Brandon Bollig.
10:12 of 3rd period - Rick Schofield is hit by Jesse Winchester and loses puck.
10:17 of 3rd period - Slapshot by Jesse Winchester.
10:17 of 3rd period - Goal by Jesse Winchester - Spitfire : 6 - High Goats : 3.
10:18 of 3rd period - Marc-Antoine Pouliot wins face-off versus Jesse Winchester in neutral zone.
10:33 of 3rd period - Backhand shot by Chris Stewart.
10:33 of 3rd period - Shot Misses the Net.
10:43 of 3rd period - Brandon Bollig is hit by Paul Bissonnette and loses puck.
10:56 of 3rd period - Joshua Bailey is hit by Erik Condra and loses puck.
11:09 of 3rd period - Snap shot by Tony Lucia.
11:09 of 3rd period - Stopped by Thomas McCollum without a rebound.
11:10 of 3rd period - Jesse Winchester wins face-off versus MacGregor Sharp in High Goats zone.
11:16 of 3rd period - Minor Penalty to Andrew Campbell for Tripping.
11:17 of 3rd period - Jesse Winchester wins face-off versus Shean Donovan in Spitfire zone.
11:24 of 3rd period - Slapshot by Jesse Winchester.
11:24 of 3rd period - Stopped by Todd Ford with a rebound.
11:42 of 3rd period - Shean Donovan is hit by Anton Stralman and loses puck.
11:57 of 3rd period - Joshua Bailey is hit by Shean Donovan and loses puck.
12:35 of 3rd period - Penalty to Denis Shvidki is over, Denis Shvidki is back on ice.
13:16 of 3rd period - Penalty to Andrew Campbell is over, Andrew Campbell is back on ice.
13:39 of 3rd period - Wrist shot by Marc-Antoine Pouliot.
13:39 of 3rd period - Deflect By Jason Ryznar.
13:39 of 3rd period - Shot Misses the Net.
13:39 of 3rd period - Puck is out of play.
13:40 of 3rd period - Dana Tyrell wins face-off versus Rick Schofield in High Goats zone.
13:45 of 3rd period - Denis Shvidki is hit by Drayson Bowman and loses puck.
14:06 of 3rd period - Wrist shot by Erik Condra.
14:06 of 3rd period - Shot Misses the Net.
14:18 of 3rd period - Wrist shot by MacGregor Sharp.
14:18 of 3rd period - Stopped by Thomas McCollum with a rebound.
14:24 of 3rd period - Anton Stralman is hit by MacGregor Sharp and loses puck.
14:56 of 3rd period - Thomas Hickey is hit by Shean Donovan and loses puck.
15:03 of 3rd period - Slapshot by Marc-Antoine Pouliot.
15:03 of 3rd period - Shot Misses the Net.
15:13 of 3rd period - Minor Penalty to Keaton Ellerby for Holding.
15:14 of 3rd period - Jiri Tlusty wins face-off versus Shean Donovan in Spitfire zone.
15:15 of 3rd period - Slapshot by Matt Irwin.
15:15 of 3rd period - Stopped by Todd Ford with a rebound.
15:17 of 3rd period - Slapshot by Anton Stralman.
15:17 of 3rd period - Goal by Anton Stralman - Spitfire : 6 - High Goats : 4.
15:18 of 3rd period - Patrice Cormier wins face-off versus Dana Tyrell in neutral zone.
15:18 of 3rd period - Patrice Cormier is hit by Matt Frattin.
16:09 of 3rd period - Snap shot by Jesse Winchester.
16:09 of 3rd period - Shot Misses the Net.
16:18 of 3rd period - Off-side.
16:19 of 3rd period - Patrice Cormier wins face-off versus Dana Tyrell in neutral zone.
16:26 of 3rd period - Snap shot by Patrice Cormier.
16:26 of 3rd period - Stopped by Thomas McCollum with a rebound.
16:28 of 3rd period - Wrist shot by Erik Condra.
16:28 of 3rd period - Shot Misses the Net.
17:12 of 3rd period - Backhand shot by Chris Stewart.
17:12 of 3rd period - Stopped by Todd Ford with a rebound.
17:18 of 3rd period - Snap shot by Jesse Winchester.
17:18 of 3rd period - Shot Misses the Net.
17:56 of 3rd period - Slapshot by Mathieu Roy.
17:56 of 3rd period - Shot Blocked by Matt Taormina.
18:34 of 3rd period - Snap shot by Kevin Klein.
18:34 of 3rd period - Stopped by Thomas McCollum with a rebound.
18:36 of 3rd period - Wrist shot by Shean Donovan.
18:36 of 3rd period - Stopped by Thomas McCollum with a rebound.
19:02 of 3rd period - Slapshot by Anton Stralman.
19:02 of 3rd period - Deflect By Matt Frattin.
19:02 of 3rd period - Stopped by Todd Ford without a rebound.
19:03 of 3rd period - Marc-Antoine Pouliot wins face-off versus Matt Frattin in Spitfire zone.
19:35 of 3rd period - Wrist shot by Dana Tyrell.
19:35 of 3rd period - Stopped by Todd Ford with a rebound.
19:37 of 3rd period - Slapshot by Matt Frattin.
19:37 of 3rd period - Stopped by Todd Ford with a rebound.
19:39 of 3rd period - Slapshot by Dana Tyrell.
19:39 of 3rd period - Shot Misses the Net.
19:42 of 3rd period - Minor Penalty to Radek Smolenak for Interference.
19:43 of 3rd period - Jesse Winchester wins face-off versus Shean Donovan in Spitfire zone.
Output by the SimonT Hockey Simulator (STHS) for François Prévost -- Original Page W3C XHTML 1.0 Valid